 Dungeon Crawl Stone Soup version 0.28.0-1-gb440e238dd (webtiles) character file.

Game seed: 12405426499773371886

5949 JuozasPetrasionis the Cleaver (level 10, 0/141 HPs)
             Began as a Hill Orc Berserker on Feb 20, 2022.
             Was an Elder of Trog.
             Succumbed to Erica's bolt of poison
             ... on level 10 of the Dungeon.
             The game lasted 01:15:47 (13385 turns).

JuozasPetrasionis the Cleaver (Hill Orc Berserker) Turns: 13385, Time: 01:15:48

Health: 0/141      AC: 19    Str: 29    XL:     10   Next: 84%
Magic:  0/10       EV:  8    Int:  7    God:    Trog [****..]
Gold:   604        SH:  0    Dex: 13    Spells: 9/9 levels left

rFire   . . .      SeeInvis .   D - +2 battleaxe (spect)
rCold   . . .      Faith    .   (shield currently unavailable)
rNeg    + + +      Spirit   +   w - +0 plate armour
rPois   .          Reflect  .   p - +0 helmet
rElec   +          Harm     .   (no cloak)
rCorr   .          Rampage  .   d - +0 pair of gloves
Will    ++...                   f - +1 pair of boots
Stlth   ..........              H - amulet of guardian spirit
HPRegen 1.33/turn               u - ring of the Ageless Orbs {Contam rElec rN+++ Str+6 Dex-5}
MPRegen 0.12/turn               b - +6 ring of dexterity

@: mighty, berserking (expiring), lethally poisoned (0 -> -6), strong-willed,
regenerating, slowed
A: no striking features
a: Renounce Religion, Berserk, Trog's Hand, Brothers in Arms


You were on level 10 of the Dungeon.
You worshipped Trog.
Trog was greatly pleased with you.
You visited 1 branch of the dungeon, and saw 10 of its levels.

You collected 604 gold pieces.

Inventory:

Hand Weapons
 D - a +2 spectral battleaxe (weapon)
Missiles
 a - 3 curare-tipped darts
 g - 3 datura-tipped darts (quivered)
Armour
 d - a +0 pair of gloves (worn)
 f - a +1 pair of boots (worn)
 p - a +0 helmet (worn)
 w - a +0 plate armour (worn)
Jewellery
 b - a +6 ring of dexterity (right hand)
 c - a ring of ice
 u - the ring of the Ageless Orbs (left hand) {Contam rElec rN+++ Str+6 Dex-5}
   (You found it on level 4 of the Dungeon)

   [ring of strength]

   Str:       It affects your strength (+6).
   Dex:       It affects your dexterity (-5).
   rElec:     It insulates you from electricity.
   rN:        It renders you almost immune to negative energy.
   Contam:    It causes magical contamination when unequipped.
 H - an amulet of guardian spirit (around neck)
Wands
 o - a wand of acid (13)
 v - a wand of iceblast (19)
 x - a wand of flame (17)
 B - a wand of paralysis (10)
 G - a wand of polymorph (1)
Scrolls
 e - a scroll of immolation
 h - 5 scrolls of teleportation
 k - a scroll of enchant armour
 m - a scroll of enchant weapon
 n - a scroll of vulnerability
 y - 4 scrolls of amnesia
 z - a scroll of fog
 F - a scroll of fear {unknown}
Potions
 i - 4 potions of curing
 j - a potion of attraction
 q - a potion of flight {unknown}
 r - a potion of heal wounds
 s - a potion of degeneration {unknown}
 t - a potion of invisibility
 C - a potion of lignification {unknown}
 E - a potion of mutation {unknown}


   Skills:
 + Level 10.5 Fighting
 * Level 14.6 Axes
 + Level 9.2 Armour
 - Level 1.8 Dodging


You had 9 spell levels left.
You didn't know any spells.
Your spell library was empty.

Dungeon Overview and Level Annotations

Branches:
Dungeon (10/15)            Temple (0/1) D:5
   Lair: D:8-11         Orc: D:9-12

Altars:
Dithmenos
Elyvilon
Gozag
Nemelex Xobeh
Sif Muna
Wu Jian
The Shining One

Shops:
D:1 !

Annotations:
D:10 Erica


Message History

You feel much better. Something hits you but does no damage.
Okay, then.
You feel very mighty all of a sudden. Something hits you.
* * * LOW HITPOINT WARNING * * *
Something burns you.
* * * LOW HITPOINT WARNING * * *
Something hits you!
* * * LOW HITPOINT WARNING * * *
Something burns you.
* * * LOW HITPOINT WARNING * * *
You are too confused!
You feel better.
You hear some strange, mumbled words.
Something tries to affect you, but you resist.
Your skin crawls.
You feel strong-willed. Something hits you.
* * * LOW HITPOINT WARNING * * *
Something burns you.
* * * LOW HITPOINT WARNING * * *
Something hits you.
* * * LOW HITPOINT WARNING * * *
Something burns you.
* * * LOW HITPOINT WARNING * * *
A red film seems to cover your vision as you go berserk!
You feel yourself moving faster!
You feel mighty!
You hear some strange, mumbled words.
You feel as though you will be slow longer.
You are too berserk!
You slash something!
Your +2 spectral battleaxe closely misses something.
You hear some strange, mumbled words.
A bolt of poison appears from out of thin air!
The bolt of poison hits you!!
You are poisoned.
* * * LOW HITPOINT WARNING * * *
You closely miss something.
Your +2 spectral battleaxe hits something!
You die...

#############
#..)††......#
#.#########.# #.# #.#
#.#########†#
#.#......({.####..
#######'#.###>..@........
............#.########...
.......).<#.#.
..........# # ..........#
#######+#.# #.. ####


You could see a friendly +2 spectral battleaxe (summoned).

Vanquished Creatures
  A two-headed ogre (D:8)
  Pikel (D:4)
  2 trolls
  A hornet (D:9)
  2 wraiths (D:9)
  A vampire (D:9)
  A wyvern (D:9)
  An acid dragon (D:9)
  3 water moccasins
  A black bear (D:5)
  An ice beast (D:8)
  5 orc warriors
  A sky beast (D:5)
  A centaur (D:10)
  A phantom (D:4)
  2 kobold brigands
  3 bullfrogs (D:7)
  A wyvern zombie (D:8)
  2 scorpions
  5 killer bees (D:9)
  13 wights
  5 howler monkeys
  A vampire bat (D:5)
  A bullfrog zombie (D:6)
  A hound (D:6)
  A centaur zombie (D:8)
  2 jellies
  6 orc priests
  A centaur skeleton (D:7)
  Ijyb (D:5)
  3 iguanas
  3 orc wizards
  2 killer bee zombies
  A hound skeleton (D:4)
  A howler monkey zombie (D:9)
  Robin (D:2)
  2 gnolls (D:5)
  5 adders
  2 shadow imps
  A white imp (D:6)
  An adder skeleton (D:4)
  2 worms
  4 dart slugs
  3 fire bats (D:5)
  21 orcs
  2 spectral bats (D:5)
  13 bats
  3 bat skeletons (D:5)
  A bat zombie (D:5)
  5 endoplasms
  3 giant cockroaches
  14 hobgoblins
  2 jackals (D:2)
  15 kobolds
  8 quokkas
  7 ball pythons
  A bat simulacrum (D:5)
  A frilled lizard (D:1)
  14 goblins
  A goblin zombie (D:6)
  A quokka zombie (D:6)
  A butterfly (D:5)
212 creatures vanquished.

Vanquished Creatures (others)
  5 fungi (D:2)
  40 plants
45 creatures vanquished.

Grand Total: 257 creatures vanquished

Notes
Turn   | Place    | Note
-------+----------+-------------------------------------------
     0 | D:1      | JuozasPetrasionis the Hill Orc Berserker began the quest
                  | for the Orb.
     0 | D:1      | Reached XP level 1. HP: 19/19 MP: 1/1
   716 | D:1      | Reached XP level 2. HP: 27/27 MP: 2/2
  1163 | D:1      | Reached XP level 3. HP: 33/33 MP: 3/3
  1227 | D:1      | Found Waileejo's Distillery.
  1510 | D:2      | Found a faded altar of an unknown god.
  2935 | D:2      | Found a glowing golden altar of the Shining One.
  3187 | D:2      | Reached skill level 5 in Axes
  3187 | D:2      | Reached XP level 4. HP: 40/40 MP: 4/4
  3340 | D:3      | Noticed Robin
  3341 | D:3      | Noticed a scorpion
  3358 | D:2      | Killed Robin
  3476 | D:2      | Reached ** piety under Trog
  3828 | D:3      | Found a white marble altar of Elyvilon.
  4389 | D:3      | Reached XP level 5. HP: 47/47 MP: 5/5
  4744 | D:3      | Reached skill level 6 in Axes
  4892 | D:3      | Found a shadowy altar of Dithmenos.
  5195 | D:4      | Noticed a phantom
  5221 | D:4      | Killed a phantom
  5222 | D:4      | Reached skill level 5 in Fighting
  5222 | D:4      | Reached XP level 6. HP: 56/56 MP: 6/6
  5326 | D:4      | Found a shimmering blue altar of Sif Muna.
  5361 | D:4      | Identified the ring of the Ageless Orbs {Contam rElec rN+++
                  | Str+6 Dex-5}
  5582 | D:4      | Reached skill level 7 in Axes
  5886 | D:5      | Entered Level 5 of the Dungeon
  6038 | D:4      | Noticed Pikel
  6050 | D:4      | Killed Pikel
  6051 | D:4      | Reached skill level 8 in Axes
  6051 | D:4      | Reached skill level 5 in Armour
  6051 | D:4      | Reached XP level 7. HP: 49/64 MP: 7/7
  6051 | D:4      | Reached XP level 8. HP: 54/71 MP: 8/8
  6403 | D:4      | Reached skill level 9 in Axes
  6802 | D:5      | Found a staircase to the Ecumenical Temple.
  6897 | D:5      | Reached *** piety under Trog
  7200 | D:5      | Noticed Ijyb
  7216 | D:5      | Killed Ijyb
  7689 | D:5      | Reached skill level 10 in Axes
  8678 | D:6      | Found a sparkling altar of Nemelex Xobeh.
  8697 | D:6      | Reached XP level 9. HP: 73/79 MP: 9/9
  8698 | D:6      | Reached **** piety under Trog
  8702 | D:6      | Reached skill level 11 in Axes
  9446 | D:7      | Noticed a troll
  9478 | D:7      | Killed a troll
 10090 | D:7      | Reached skill level 12 in Axes
 10822 | D:8      | Identified the +4 chain mail "Dunoygh" {Harm}
 11146 | D:8      | Noticed a two-headed ogre
 11151 | D:8      | Killed a two-headed ogre
 11152 | D:8      | Reached skill level 13 in Axes
 11152 | D:8      | Reached XP level 10. HP: 91/91 MP: 10/10
 12015 | D:10     | Entered Level 10 of the Dungeon
 12101 | D:9      | Reached skill level 14 in Axes
 12441 | D:9      | Reached skill level 10 in Fighting
 12664 | D:10     | Noticed a two-headed ogre
 12805 | D:9      | Found a large runed translucent door.
 12805 | D:9      | Found a large runed translucent door.
 12822 | D:9      | Found an ornate altar of the Wu Jian Council.
 12834 | D:9      | Found an opulent altar of Gozag.
 13364 | D:10     | Noticed Erica
 13384 | D:10     | HP: 2/141 [something/bolt of poison (23)]
 13385 | D:10     | Succumbed to Erica's bolt of poison

Illustrated notes

Levels and vault maps discovered:
D:1:      minmay_arrival_glassed_features, layout_basic, serial_shops, shop,
          minmay_box_of_dots
D:2:      layout_basic, dreamdust_ecumenical_altar_grove, basic_altar,
          minmay_statues_item
D:3:      layout_loops_ring, elyvilon_altar_5, nicolae_overflow_crystal_walls,
          hangedman_decor_lopped, st_stairs_3, guppyfry_early_orc_mine,
          uniq_robin
D:4:      layout_loops_ring, mainiacjoe_overflow_paths, uniq_pikel
D:5:      cheibrodos_thug_alley, layout_gridville,
          minmay_temple_entry_butterflies, serial_bayou_lagoon_a,
          goddamned_bats, uniq_ijyb
D:6:      layout_gridville, mainiacjoe_overflow_brackets, enter_ossuary_4
D:7:      layout_gridville
D:8:      layout_gridville
D:9:      layout_irregular_city, jmf_multi_god_temple2
D:10:     layout_basic, uniq_erica

Skill      XL: |  1  2  3  4  5  6  7  8  9 10 |
---------------+-------------------------------+-----
Fighting       | 4 5 6 7 9 10 | 10.5
Axes           | 5 6 8 10 13 14 | 14.6
Armour         | 3 5 6 8 9 |  9.2
Dodging        | |  1.8

Action                   |  1- 3 |  4- 6 |  7- 9 | 10-12 || total
-------------------------+-------+-------+-------+-------++-------
Melee: Hand axe          |   115 |   154 |   174 |       ||   443
       Punch             |     4 |     1 |     1 |       ||     6
       Battleaxe         |       |       |    63 |    90 ||   153
Invok: Berserk           |       |     6 |     2 |     1 ||     9
       Trog's Hand       |       |       |       |     1 ||     1
  Use: Scroll            |     4 |     1 |     9 |       ||    14
       Potion            |     1 |     2 |       |     5 ||     8
 Stab: Sleeping          |     1 |       |       |       ||     1
Armor: Animal skin       |    10 |     9 |       |       ||    19
       Scale mail        |       |    11 |       |       ||    11
       Chain mail        |       |    27 |   109 |       ||   136
       Plate armour      |       |       |    23 |    44 ||    67
Dodge: Dodged            |    76 |    81 |   101 |    33 ||   291
